 Dungeon Crawl Stone Soup version 0.25.1-2-g60ff931df9 (webtiles) character file.

Game seed: 1069686704246000758

3762 DearestLeader the Geomancer (level 10, -6/50 HPs)
             Began as a Gargoyle Earth Elementalist on Oct 24, 2020.
             Was a Believer of Vehumet.
             Mangled by a two-headed ogre
             ... wielding a +0 giant club
              (26 damage)
             ... on level 8 of the Dungeon on Oct 25, 2020.
             The game lasted 00:18:37 (7545 turns).

DearestLeader the Geomancer (GrEE)                  Turns: 7545, Time: 00:18:38

Health: -6/50      AC: 12    Str: 22    XL:     10   Next: 15%
Magic:  13/19      EV: 12    Int: 25    God:    Vehumet [**....]
Gold:   459        SH:  0    Dex: 14    Spells: 4/22 levels left

rFire    . . .     SeeInvis .   t - +0 whip (elec)
rCold    . . .     Gourm    .   (no shield)
rNeg     + . .     Faith    .   c - +1 robe
rPois    ∞         Spirit   .   (no helmet)
rElec    +         Reflect  .   o - +0 cloak "Ytienod" {Str+4 Dex+4} (curse)
rCorr    .         Harm     .   (no gloves)
MR       .....                  H - +0 pair of boots
Stlth    ++........             v - amulet of regeneration
HPRegen  0.56/turn              n - +6 ring of strength
MPRegen  0.16/turn              w - +6 ring of intelligence

@: no status effects
A: negative energy resistance 1, electricity resistance, unbreathing,
petrification resistance, rot immunity, AC +7
a: Renounce Religion


You were on level 8 of the Dungeon.
You worshipped Vehumet.
Vehumet was pleased with you.
You were not hungry.

You visited 2 branches of the dungeon, and saw 9 of its levels.
You also visited: Sewer.

You collected 459 gold pieces.

Inventory:

Hand Weapons
 g - a +0 dagger
 t - a +0 whip of electrocution (weapon)
Missiles
 b - 201 stones (quivered)
Armour
 c - a +1 robe (worn)
 o - the cursed +0 cloak "Ytienod" (worn) {Str+4 Dex+4}
   (You found it on level 4 of the Dungeon)

   It affects your strength (+4).
   It affects your dexterity (+4).
   It has a curse placed upon it.
 H - a +0 pair of boots (worn)
Jewellery
 n - a +6 ring of strength (left hand)
 s - an uncursed amulet of faith
 v - an amulet of regeneration (around neck)
 w - a +6 ring of intelligence (right hand)
 E - a +6 ring of strength
Wands
 a - a wand of polymorph (22)
 z - a wand of clouds (7)
 I - a wand of paralysis (7)
Scrolls
 k - 4 scrolls of identify
 q - 2 scrolls of remove curse
 r - a scroll of enchant weapon {unknown}
 y - a scroll of silence
 A - 2 scrolls of fog
 C - 2 scrolls of teleportation
 D - a scroll of enchant armour
 K - a scroll of amnesia {unknown}
Potions
 e - 2 potions of stabbing {unknown}
 f - a potion of berserk rage {unknown}
 h - 5 potions of curing
 i - 3 potions of ambrosia {unknown}
 j - a potion of heal wounds
 l - a potion of lignification {unknown}
 m - a potion of magic {unknown}
 p - 3 potions of resistance {unknown}
 u - 4 potions of might {unknown}
 x - 2 potions of cancellation {unknown}
 B - 2 potions of haste
 F - a potion of invisibility {unknown}
 G - a potion of brilliance {unknown}
Comestibles
 d - 8 rations
 J - 14 chunks of flesh


   Skills:
 - Level 1.5 Dodging
 - Level 2.1 Stealth
 + Level 6.6 Spellcasting
 + Level 6.9 Conjurations
 - Level 0.7 Transmutations
 * Level 0.0 Ice Magic
 * Level 12.9 Earth Magic


You had 4 spell levels left.
You knew the following spells:

 Your Spells              Type           Power        Failure   Level  Hunger
a - Sandblast             Erth           ######       1%          1    None
b - Passwall              Tmut/Erth      #####...     1%          2    None
c - Stone Arrow           Conj/Erth      ######       1%          3    None
d - Lee's Rapid Deconstr  Erth           ######....   1%          5    #####..
e - Petrify               Tmut/Erth      #####...     4%          4    ###....
f - Frozen Ramparts       Ice            #.....       22%         3    None

Your spell library contained the following spells:

 Spells                   Type           Power        Failure   Level  Hunger


Dungeon Overview and Level Annotations

Branches:
Dungeon (8/15)             Temple (1/1) D:5           Sewer (visited)
   Lair: D:8-11

Altars:
Dithmenos
Elyvilon
Gozag
Hepliaklqana
Makhleb
Nemelex Xobeh
Qazlal
Ru
Trog
Uskayaw
Vehumet
Wu Jian
Yredelemnul
Zin

Annotations:
D:5 2 transporters


Innate Abilities, Weirdness & Mutations

You are resistant to torment.
Your stone body is resilient. (AC +7)
You are immune to poison.
You resist negative energy. (rN+)
You are resistant to electric shocks. (rElec)
You can survive without breathing.
You are immune to petrification.
You are immune to rotting.


Message History

The two-headed ogre is moderately wounded.
Casting: Stone Arrow (safe; 1% risk of failure)
Confirm with . or Enter, or press ? or * to list all spells.
Aiming: Stone Arrow (safe; 1% risk of failure)
Press: ? - help, Shift-Dir - straight line, f/p - two-headed ogre
Aim: a two-headed ogre, wielding two +0 giant clubs (moderately wounded)
The stone arrow misses the two-headed ogre.
The two-headed ogre hits you with a +0 giant club!!
The two-headed ogre hits you with a +0 giant club!
Casting: Stone Arrow (safe; 1% risk of failure)
Confirm with . or Enter, or press ? or * to list all spells.
Aiming: Sandblast (safe; 1% risk of failure)
Press: ? - help, Shift-Dir - straight line, f/p - two-headed ogre
Aim: a two-headed ogre, wielding two +0 giant clubs (moderately wounded)
The blast of sand hits the two-headed ogre!!
The two-headed ogre is severely wounded.
b - 201 stones The two-headed ogre hits you with a +0 giant club!!
Ouch! That really hurt!
You die...

##########################
...............[@O........
######.#############.##.##
..........## #
###.....#..# #.#.#..#.##
#.........# #.#†#†.##.#
#..††..##.## ####<####..#


You could see a two-headed ogre.

Vanquished Creatures
  Harold (D:7)
  Prince Ribbit (D:7)
  Duvessa (D:4)
  A water moccasin (D:7)
  A sky beast (D:5)
  Purgy (Sewer)
  2 orc warriors (D:7)
  2 ogres
  2 phantoms (D:7)
  5 centaurs
  3 bullfrogs (D:7)
  2 big kobolds
  A scorpion (D:5)
  Dowan (D:4)
  4 wights (D:6)
  3 howler monkeys (D:8)
  2 centaur zombies (D:7)
  4 orc priests
  2 hounds
  A jelly (D:8)
  8 orc wizards
  4 worker ants
  2 worker ant zombies (D:7)
  11 adders
  4 worms
  3 dart slugs (D:2)
  7 leopard geckos
  19 orcs
  3 giant cockroaches
  5 goblins
  7 hobgoblins
  10 jackals
  25 kobolds
  2 quokkas
  2 ball pythons
  11 bats
  2 frilled lizards (D:2)
  6 rats
171 creatures vanquished.

Vanquished Creatures (others)
  A kobold (D:1)
1 creature vanquished.

Grand Total: 172 creatures vanquished

Notes
Turn   | Place    | Note
-------+----------+-------------------------------------------
     0 | D:1      | DearestLeader the Gargoyle Earth Elementalist began the
                  | quest for the Orb.
     0 | D:1      | Reached XP level 1. HP: 10/10 MP: 3/3
   187 | D:1      | Reached skill level 4 in Earth Magic
   311 | D:1      | Reached XP level 2. HP: 15/15 MP: 5/5
  1048 | D:1      | Reached XP level 3. HP: 19/19 MP: 6/6
  1083 | D:1      | Learned a level 2 spell: Passwall
  1087 | D:1      | Learned a level 3 spell: Stone Arrow
  1161 | D:1      | Reached skill level 5 in Earth Magic
  1861 | D:2      | Reached XP level 4. HP: 21/24 MP: 2/7
  2086 | D:2      | Reached skill level 6 in Earth Magic
  3116 | D:3      | Found an ornate altar of the Wu Jian Council.
  3199 | D:3      | Reached XP level 5. HP: 28/28 MP: 8/8
  3203 | D:3      | Reached skill level 7 in Earth Magic
  3356 | D:4      | Noticed an ogre
  3359 | D:4      | Killed an ogre
  3359 | D:4      | Reached XP level 6. HP: 32/32 MP: 5/10
  3560 | D:4      | Noticed Duvessa
  3560 | D:4      | Noticed Dowan
  3769 | D:4      | Killed Dowan
  3804 | D:4      | Killed Duvessa
  3804 | D:4      | Reached skill level 1 in Conjurations
  3804 | D:4      | Reached skill level 8 in Earth Magic
  3804 | D:4      | Reached XP level 7. HP: 25/36 MP: 1/12
  4343 | D:4      | Got a translucent cloak
  4348 | D:4      | Identified the cursed +0 cloak "Ytienod" {Str+4 Dex+4} (You
                  | found it on level 4 of the Dungeon)
  4403 | D:4      | Learned a level 5 spell: Lee's Rapid Deconstruction
  4404 | D:5      | Entered Level 5 of the Dungeon
  4443 | D:5      | Found a staircase to the Ecumenical Temple.
  4447 | Temple   | Entered the Ecumenical Temple
  4458 | Temple   | Became a worshipper of Vehumet
  4570 | D:5      | Found a transporter.
  4672 | D:5      | Reached skill level 9 in Earth Magic
  4978 | D:5      | Found a transporter.
  5030 | D:5      | Reached XP level 8. HP: 38/41 MP: 9/14
  5042 | D:5      | Found a glowing drain.
  5055 | Sewer    | Entered a sewer
  5086 | Sewer    | Noticed Purgy
  5093 | Sewer    | Killed Purgy
  5832 | D:6      | Found a glowing silver altar of Zin.
  5916 | D:6      | Reached skill level 10 in Earth Magic
  6174 | D:6      | Reached * piety under Vehumet
  6174 | D:6      | Offered knowledge of Freeze by Vehumet.
  6427 | D:7      | Noticed Harold
  6445 | D:7      | Killed Harold
  6445 | D:7      | Reached skill level 5 in Spellcasting
  6445 | D:7      | Reached skill level 5 in Conjurations
  6445 | D:7      | Reached skill level 11 in Earth Magic
  6445 | D:7      | Reached XP level 9. HP: 16/45 MP: 7/17
  6675 | D:7      | Reached skill level 12 in Earth Magic
  6746 | D:7      | Learned a level 4 spell: Petrify
  6765 | D:7      | Noticed Prince Ribbit
  6769 | D:7      | Killed Prince Ribbit
  6998 | D:7      | Reached ** piety under Vehumet
  6999 | D:7      | Offered knowledge of Magic Dart by Vehumet.
  7010 | D:7      | Reached XP level 10. HP: 46/50 MP: 14/19
  7122 | D:7      | Found a basalt altar of Yredelemnul.
  7433 | D:8      | Offered knowledge of Frozen Ramparts by Vehumet.
  7440 | D:8      | Learned a level 3 spell: Frozen Ramparts
  7540 | D:8      | Noticed a two-headed ogre
  7545 | D:8      | Mangled by a two-headed ogre

Illustrated notes

Levels and vault maps discovered:
D:1:      minmay_arrival_up_and_down, layout_rooms, lemuel_flame_loot_1
D:2:      layout_loops_ring, first_ration
D:3:      layout_basic, marbit_many_paths
D:4:      layout_basic, grunt_decor_resistance, uniq_duvessa
D:5:      gammafunk_wand_slinger, layout_basic, minmay_temple_entry_trees,
          cheibrodos_sewer_entry_bend
D:6:      layout_gridville, zin_academy
D:7:      layout_loops_ring, kennysheep_mini, uniq_harold, uniq_prince_ribbit1
D:8:      layout_basic, cheibrodos_ashenzari_chains, lemuel_round_altar,
          gammafunk_temple_overflow_statue, serial_glass, glass_columns_a,
          glass_columns_b
Temple:   cyrus_circular_temple

Skill      XL: |  1  2  3  4  5  6  7  8  9 |
---------------+----------------------------+-----
Earth Magic    | 4 5 6 7 8 9 11 12 | 12.9
Spellcasting   | 3 4 5 6 |  6.6
Conjurations   | 1 3 5 6 |  6.9
Dodging        | |  1.5
Stealth        | |  2.1
Transmutations | |  0.7

Action                   |  1- 3 |  4- 6 |  7- 9 | 10-12 || total
-------------------------+-------+-------+-------+-------++-------
Melee: Dagger            |   109 |    11 |       |       ||   120
       Unarmed           |     3 |       |       |       ||     3
       Whip              |       |    77 |   178 |    49 ||   304
 Cast: Sandblast         |    21 |    39 |    39 |     1 ||   100
       Lee's Rapid Decon |       |       |     6 |     3 ||     9
       Stone Arrow       |       |       |     5 |     3 ||     8
  Use: Scroll            |       |     5 |     5 |       ||    10
       Potion            |       |     3 |       |       ||     3
 Stab: Sleeping          |     4 |     8 |     3 |     1 ||    16
  Eat: Chunk             |     3 |     7 |     8 |     3 ||    21
       Ration            |       |       |     1 |       ||     1
Armor: Robe              |    32 |    22 |   112 |    42 ||   208
Dodge: Dodged            |    87 |    64 |   159 |    62 ||   372
